 Dungeon Crawl Stone Soup version 0.21-a0-260-g9b2435e (webtiles) character file.

715 zane53102 the Twirler (level 7, -12/52 HPs)
             Began as a Demonspawn Gladiator on Sept 7, 2017.
             Mangled by an ogre
             ... wielding a +0 giant club
              (17 damage)
             ... on level 4 of the Dungeon.
             The game lasted 00:14:18 (4797 turns).

zane53102 the Twirler (Demonspawn Gladiator)        Turns: 4797, Time: 00:14:18

Health: -12/52     AC:  4    Str: 14    XL:     7   Next: 41%
Magic:  9/10       EV: 14    Int: 10    God:
Gold:   242        SH:  0    Dex: 16    Spells: 8/10 levels left

rFire    . . .     SeeInvis .   a - +0 quarterstaff
rCold    . . .     Gourm    .   (shield currently unavailable)
rNeg     . . .     Faith    .   b - +1 leather armour
rPois    .         Spirit   .   (helmet restricted)
rElec    .         Reflect  .   (no cloak)
rCorr    .         Harm     .   (no gloves)
MR       .....                  (no boots)
Stlth    ++........             l - amulet of regeneration
HPRegen  0.57/turn              (no ring)
MPRegen  0.12/turn              (no ring)

@: no status effects
A: horns 1, thin skeletal structure 1, foul stench 2, weak 1, rot immunity
a: no special abilities


You were on level 4 of the Dungeon.
You were not hungry.

You visited 1 branch of the dungeon, and saw 4 of its levels.

You collected 242 gold pieces.

Inventory:

Hand Weapons
 a - a +0 quarterstaff (weapon)
Missiles
 d - 3 throwing nets (quivered)
Armour
 b - a +1 leather armour (worn)
Jewellery
 l - an amulet of regeneration (around neck)
Wands
 c - a wand of polymorph (0/24)
 t - a wand of lightning (10/15)
Scrolls
 i - 2 scrolls of blinking
 k - a scroll of magic mapping
 q - 3 scrolls of amnesia
 r - 2 scrolls of teleportation
Potions
 e - 2 potions of agility
 g - a potion of curing
 h - 2 potions of might
 j - 2 potions of flight
Books
 p - Jessica's Grimoire of Dislocation
   (You found it on level 3 of the Dungeon)

   Spells                             Type                      Level
   a - Shroud of Golubria             Charms/Translocation         2
Comestibles
 f - 2 bread rations
 m - 2 fruits
 n - 2 royal jellies


   Skills:
 + Level 3.1 Fighting
 + Level 4.9 Staves
 + Level 1.8 Throwing
 + Level 1.8 Armour
 + Level 4.3 Dodging
 + Level 1.2 Stealth
 + Level 0.3 Unarmed Combat
 * Level 2.4 Spellcasting
 * Level 1.1 Charms
 * Level 0.8 Translocations
 * Level 1.1 Evocations


You had 8 spell levels left.
You knew the following spells:

 Your Spells              Type           Power        Failure   Level  Hunger
a - Shroud of Golubria    Chrm/Tloc      #.........   36%         2    ###....


Dungeon Overview and Level Annotations

Branches:
Dungeon (4/15)
 Temple: D:4-7

Altars:


Innate Abilities, Weirdness & Mutations

You have a somewhat thin skeletal structure. (Dex +2, Stealth)
You frequently emit foul miasma when damaged in melee.
You are immune to rotting.
You have a pair of small horns on your head.
You are weak. (Str -2)


Message History

* * * LOW HITPOINT WARNING * * *
The orc looks sick.
You thump the orc!
You kill the orc!
Things that are here:
a flail; an orc corpse
Okay, then.
Casting: Shroud of Golubria
Confirm with . or Enter, or press ? or * to list all spells.
Space distorts slightly along a thin shroud covering your body.
Your shroud begins to fray at the edges.
An ogre comes into view. It is wielding a giant club.
The ogre shouts!
Your shroud unravels.
The ogre hits you with a giant club!
* * * LOW HITPOINT WARNING * * *
You hit the ogre.
The ogre is lightly wounded.
The ogre hits you with a giant club!
You die...

#...[..########### #>
..........# #### #.
###.......# #.(# #.
##....#.# #..# #.
......... ..# #.
####.##.## #.# ####. #.
#.# #.####....
#.##.#######.))......
#..O@........).......
........############.###
####....Z .......(#
####### #########


You could see an ogre and a leopard gecko skeleton.

Vanquished Creatures
  Grinder (D:3)
  A phantom (D:4)
  Blork the orc (D:4)
  A crimson imp (D:3)
  An orc wizard (D:4)
  3 orc priests
  Terence (D:2)
  Jessica (D:3)
  A hound skeleton (D:4)
  Robin (D:4)
  3 adders
  An ooze (D:2)
  2 worms
  An adder skeleton (D:4)
  2 dart slugs
  3 leopard geckos
  6 orcs
  6 bats
  4 giant cockroaches
  19 goblins
  11 hobgoblins
  3 quokkas
  A ball python (D:3)
  6 frilled lizards
  4 kobolds
  6 rats
90 creatures vanquished.

Notes
Turn   | Place    | Note
-------+----------+-------------------------------------------
     0 | D:1      | zane53102 the Demonspawn Gladiator began the quest for the Orb.
     0 | D:1      | Reached XP level 1. HP: 16/16 MP: 1/1
   751 | D:1      | Gained mutation: You are immune to rotting. [demonic ancestry]
   751 | D:1      | Reached XP level 2. HP: 14/22 MP: 2/2
  1760 | D:1      | Reached XP level 3. HP: 21/27 MP: 3/3
  2385 | D:2      | Noticed Terence
  2387 | D:2      | Gained mutation: You are weak. (Str -2) [potion of mutation]
  2387 | D:2      | Gained mutation: You have a somewhat thin skeletal structure. (Dex +2, Stealth) [potion of mutation]
  2387 | D:2      | Gained mutation: You have a pair of small horns on your head. [potion of mutation]
  2400 | D:2      | Killed Terence
  2400 | D:2      | Gained mutation: You may emit foul miasma when damaged in melee. [demonic ancestry]
  2400 | D:2      | Reached XP level 4. HP: 24/34 MP: 4/4
  2414 | D:2      | Reached skill level 1 in Armour
  2771 | D:3      | Noticed Grinder
  2806 | D:3      | HP: 2/51 [Grinder (5)]
  2809 | D:3      | Paralysed by Grinder for 2 turns
  2817 | D:3      | Killed Grinder
  2817 | D:3      | Reached skill level 1 in Stealth
  2817 | D:3      | Reached skill level 1 in Spellcasting
  2817 | D:3      | Reached XP level 5. HP: 7/40 MP: 4/7
  2817 | D:3      | Gained mutation: You frequently emit foul miasma when damaged in melee. [demonic ancestry]
  2817 | D:3      | Reached XP level 6. HP: 8/46 MP: 4/8
  3616 | D:3      | Noticed Jessica
  3633 | D:3      | Killed Jessica
  3646 | D:3      | Identified Jessica's Grimoire of Dislocation
  3651 | D:3      | Learned a level 2 spell: Shroud of Golubria
  4349 | D:4      | Noticed Robin
  4351 | D:4      | Noticed Blork the orc
  4352 | D:4      | Killed Robin
  4368 | D:4      | Killed Blork the orc
  4368 | D:4      | Mutation became permanent: You have a somewhat thin skeletal structure. (Dex +2, Stealth) [demonic ancestry]
  4368 | D:4      | Gained mutation: You have a somewhat thin skeletal structure. (Dex +2, Stealth) [demonic ancestry]
  4368 | D:4      | Reached XP level 7. HP: 23/52 MP: 10/10
  4382 | D:4      | Reached skill level 1 in Charms
  4382 | D:4      | Reached skill level 1 in Evocations
  4797 | D:4      | Mangled by an ogre

Vault maps used:
D:1:      elethiomel_arrival_maze
D:2:      uniq_terence
D:3:      first_bread, serial_bayou, serial_bayou_pond_a, serial_bayou_shore_a,
          serial_bayou_shore_b, serial_bayou_lagoon_b, kennysheep_jessica_study,
          uniq_grinder
D:4:      lemuel_coloured_pillars_altar, minmay_temple_entry_glass,
          uniq_blork_the_orc, uniq_robin, uniq_purgy

Skill      XL: |  1  2  3  4  5  6  7 |
---------------+----------------------+-----
Dodging        | 3 4 |  4.3
Staves         | 3 4 |  4.9
Armour         | 1 |  1.8
Stealth        | 1 |  1.2
Spellcasting   | 1 2 |  2.4
Fighting       | 3 |  3.1
Charms         | 1 |  1.1
Evocations     | 1 |  1.1
Throwing       | |  1.8
Unarmed Combat | |  0.3
Translocations | |  0.8

Action                   |  1- 3 |  4- 6 |  7- 9 || total
-------------------------+-------+-------+-------++-------
Melee: Quarterstaff      |    98 |   126 |    43 ||   267
       Unarmed           |       |    14 |       ||    14
       Headbutt          |       |     6 |     8 ||    14
Throw: Throwing net      |     1 |     1 |       ||     2
 Cast: Shroud of Golubri |       |       |     1 ||     1
Evoke: Wand              |       |     1 |       ||     1
  Use: Scroll            |     5 |     7 |     2 ||    14
       Potion            |     2 |     6 |       ||     8
  Eat: Bread ration      |     1 |     1 |       ||     2
       Fruit             |       |     1 |       ||     1
       Meat ration       |       |     1 |       ||     1
Armor: Leather armour    |    48 |    34 |     5 ||    87
       Skin              |    14 |   111 |       ||   125
Dodge: Dodged            |   107 |   104 |    37 ||   248

Table legend:
 A = Spawn XP
 B = Non-spawn XP
 C = Spawn XP percentage of total XP
 D = Spawn monster count
 E = Non-spawn monster count
 F = Spawn count percentage of total count
 G = Total turns spent on level
                    A         B        C        D         E        F      G
               +---------+---------+-------+---------+---------+-------+---------
         Total |       0 |    1022 |   0.0 |       0 |      90 |   0.0 |  4797
               +---------+---------+-------+---------+---------+-------+---------
           D:1 |       0 |      40 |   0.0 |       0 |      22 |   0.0 |  1748
           D:2 |       0 |     107 |   0.0 |       0 |      23 |   0.0 |  1016
           D:3 |       0 |     493 |   0.0 |       0 |      22 |   0.0 |  1581
           D:4 |       0 |     382 |   0.0 |       0 |      23 |   0.0 |   452
               +---------+---------+-------+---------+---------+-------+---------
